 Dungeon Crawl Stone Soup version 0.26-a0-466-g989023bd0d (webtiles) character file.

Game seed: 14800196607481121641

228 gruber the Conjurer (level 6, -5/36 HPs)
             Began as an Octopode Conjurer on Aug 8, 2020.
             Slain by a wight
             ... wielding a +0 war axe
              (6 damage)
             ... while paralysed by Grinder
             ... on level 3 of the Dungeon.
             The game lasted 00:05:44 (2335 turns).

gruber the Conjurer (Octopode Conjurer)             Turns: 2335, Time: 00:05:45

Health: -5/36      AC:  1    Str:  6    XL:     6   Next: 2%
Magic:  4/9        EV:  2    Int: 22    God:
Gold:   83         SH:  0    Dex: 11    Spells: 6/9 levels left

rFire    . . .     SeeInvis .   k - +6 dagger (venom)
rCold    . . .     Faith    .   (no shield)
rNeg     . . .     Spirit   .   (helmet restricted)
rPois    .         Reflect  .   (no amulet)
rElec    .         Harm     .   g - ring of resist corrosion
rCorr    +                      h - ring of stealth
MR       .....                  (no ring)
Stlth    ++++......             (no ring)
HPRegen  0.12/turn              (no ring)
MPRegen  0.11/turn              (no ring)
                                (no ring)
                                (no ring)

@: paralysed, lethally poisoned (-5 -> -8), drained
A: almost no armour, stealthy swim, amphibious, 8 rings, constrict 8, camouflage
1, gelatinous body 1
a: no special abilities


You were on level 3 of the Dungeon.
You visited 1 branch of the dungeon, and saw 3 of its levels.

You collected 83 gold pieces.

Inventory:

Hand Weapons
 k - a +6 dagger of venom (weapon)
Jewellery
 g - a ring of resist corrosion (left tentacle)
 h - a ring of stealth (right tentacle)
Wands
 j - a wand of digging (2)
Scrolls
 a - a scroll of immolation {unknown}
 b - a scroll of remove curse {unknown}
 c - 9 scrolls of identify {unknown}
 d - 3 scrolls of enchant armour {unknown}
 f - a scroll of magic mapping {unknown}
 i - 2 scrolls of teleportation {unknown}
Potions
 e - a potion of curing


   Skills:
 * Level 3.7(3.1) Short Blades
 - Level 2.1(1.5) Dodging
 - Level 3.1(2.5) Stealth
 - Level 2.1(1.5) Spellcasting
 - Level 5.5(4.8) Conjurations


You had 6 spell levels left.
You knew the following spells:

 Your Spells              Type           Power        Failure   Level
a - Magic Dart            Conj           ###.         1%          1
b - Searing Ray           Conj           ###...       3%          2

Your spell library contained the following spells:

 Spells                   Type           Power        Failure   Level
 Dazzling Flash           Conj/Hex       ##....       16%         3
 Fulminant Prism          Conj/Hex       ##........   47%         4
 Iskenderun's Mystic Bla  Conj/Tloc      ##......     47%         4


Dungeon Overview and Level Annotations

Branches:
Dungeon (3/15)

Altars:

Annotations:
D:3 Grinder


Innate Abilities, Weirdness & Mutations

You cannot wear most types of armour.
You are very stealthy in the water. (Stealth+)
You are amphibious.
You can wear up to eight rings at the same time.
You can use your tentacles to constrict eight enemies at once.
Your skin changes colour to match your surroundings (Stealth+).
Your rubbery body absorbs attacks. (AC +1, EV +1)


Message History

Grinder shouts!
Grinder blinks!
Grinder moves out of view.
An adder comes into view.
Grinder gestures at you.
You suddenly lose the ability to move!
Grinder drinks a potion.
Grinder suddenly seems more resistant.
A goblin comes into view. It is wielding a +0 dagger.
The goblin shouts!
The adder hisses angrily.
The wight hits you with a +0 war axe. The wight hits you with a +0 war axe!
* * * LOW HITPOINT WARNING * * *
You feel drained.
* * * LOW HITPOINT WARNING * * *
The wight hits you with a +0 war axe.
* * * LOW HITPOINT WARNING * * *
The adder bites you.
* * * LOW HITPOINT WARNING * * *
You are lethally poisoned!
The adder poisons you!
Grinder blinks!
The wight hits you with a +0 war axe.
You die...

# # # ####### '..)..#
#####.# # #.#
#####.##################
...............z@Sg.§...
...###.###########.#....
...###.....# # 5
.....#..##.#
..÷)....##.#
...).......#
###)#.#..###
#.#.##'#######
#.#..........#


You could see Grinder (resistant), a wight, an adder and a goblin.

Vanquished Creatures
  2 wights (D:3)
  Jessica (D:2)
  Robin (D:1)
  3 adders
  An ooze (D:2)
  3 worms
  2 dart slugs
  4 orcs (D:3)
  2 giant cockroaches
  13 goblins
  8 hobgoblins
  6 jackals
  3 kobolds
  7 bats
  A frilled lizard (D:2)
  6 rats
63 creatures vanquished.

Notes
Turn   | Place    | Note
-------+----------+-------------------------------------------
     0 | D:1      | gruber the Octopode Conjurer began the quest for the Orb.
     0 | D:1      | Reached XP level 1. HP: 11/11 MP: 3/3
     1 | D:1      | Noticed an orb of fire
     3 | D:1      | Noticed an orb of fire
     5 | D:1      | Noticed an iron dragon
     8 | D:1      | Noticed a tentacled monstrosity
     9 | D:1      | Noticed a large abomination
    11 | D:1      | Noticed a tentacled monstrosity
    11 | D:1      | Noticed a tentacled monstrosity
    15 | D:1      | Noticed an ice dragon
    15 | D:1      | Noticed a large abomination
    17 | D:1      | Noticed an iron dragon
    17 | D:1      | Noticed a large abomination
    17 | D:1      | Noticed a white draconian
    19 | D:1      | Noticed a shadow dragon
    21 | D:1      | Noticed a golden dragon
   595 | D:1      | Reached XP level 2. HP: 16/17 MP: 3/5
   599 | D:1      | Learned a level 2 spell: Searing Ray
   987 | D:2      | Noticed Jessica
  1010 | D:2      | Killed Jessica
  1010 | D:2      | Reached skill level 5 in Conjurations
  1010 | D:2      | Reached XP level 3. HP: 21/21 MP: 2/6
  1323 | D:2      | Reached XP level 4. HP: 27/27 MP: 3/7
  1399 | D:2      | Noticed Robin
  1453 | D:1      | Killed Robin
  1667 | D:2      | Reached skill level 1 in Short Blades
  1855 | D:3      | Reached XP level 5. HP: 17/31 MP: 5/8
  2220 | D:3      | Reached XP level 6. HP: 36/36 MP: 2/9
  2327 | D:3      | Noticed Grinder
  2330 | D:3      | Paralysed by Grinder for 7 turns
  2335 | D:3      | HP: 1/36 [adder (2)]
  2335 | D:3      | Slain by a wight

Illustrated notes

Levels and vault maps discovered:
D:1:      shiori_arrival_whats_in_store_for_you, layout_loops_ring
D:2:      layout_rooms, kennysheep_generic_room_5, uniq_robin, uniq_jessica
D:3:      layout_basic, uniq_terence, uniq_grinder

Skill      XL: |  1  2  3  4  5 |
---------------+----------------+-----
Stealth        | 3 |  3.1
Conjurations   | 5 |  5.5
Short Blades   | 1 3 |  3.7
Dodging        | |  2.1
Spellcasting   | |  2.1

Action                   |  1- 3 |  4- 6 || total
-------------------------+-------+-------++-------
Melee: Unarmed           |    30 |     1 ||    31
       Constrict         |     9 |    11 ||    20
       Tentacles         |     5 |     5 ||    10
       Dagger            |       |    31 ||    31
 Cast: Magic Dart        |    27 |     7 ||    34
       Searing Ray       |     2 |     9 ||    11
 Stab: Sleeping          |     2 |     1 ||     3
Armor: Skin              |     7 |     1 ||     8
Dodge: Dodged            |    23 |    18 ||    41

Table legend: (Time is in decaauts)
 A = Elapsed time spent in this place.
 B = Non-inter-level travel time spent in this place.
 C = Inter-level travel time spent in this place.
 D = Time resting spent in this place.
 E = Time spent auto-exploring this place.
 F = Levels seen in this place.
 G = Mean time per level.
                   A        B        C        D        E       F      G
               +--------+--------+--------+--------+--------+-----+--------+
         Total |   2333 |   2243 |     90 |     57 |   1772 |   3 |  777.7 |
       Dungeon |   2333 |   2243 |     90 |     57 |   1772 |   3 |  777.7 |
               +--------+--------+--------+--------+--------+-----+--------+

Top non-repeatable levels by time:
     D:2: 1059 daAuts
     D:1: 718 daAuts
     D:3: 555 daAuts
